 Dungeon Crawl Stone Soup version 0.26-a0-771-g060e6a62af (webtiles) character file.

Game seed: 6058260293305149822

920 Froggeryz the Ruffian (level 8, 0/64 HPs)
             Began as a Naga Transmuter on Nov 8, 2020.
             Slain by an ogre
             ... wielding a +0 giant club
              (27 damage)
             ... on level 5 of the Dungeon.
             The game lasted 00:07:32 (6426 turns).

Froggeryz the Ruffian (Naga Transmuter)             Turns: 6426, Time: 00:07:32

Health: 0/64       AC:  2    Str: 13    XL:     8   Next: 10%
Magic:  7/11       EV: 19    Int: 15    God:
Gold:   242        SH:  0    Dex: 17    Spells: 3/11 levels left

rFire    . . .     SeeInvis +     - Unarmed
rCold    . . .     Faith    .   (shield currently unavailable)
rNeg     . . .     Spirit   .   (armour currently unavailable)
rPois    x         Reflect  .   (helmet currently unavailable)
rElec    .         Harm     .   (cloak currently unavailable)
rCorr    .         Rampage  .   (gloves currently unavailable)
MR       +....                  (no barding)
Stlth    ++........             (no amulet)
HPRegen  0.20/turn              g - ring of wizardry
MPRegen  0.12/turn              (no ring)

@: spider-form
A: tiny, see invisible, spit poison 1, AC +2
a: Spit Poison, End Transformation


You were on level 5 of the Dungeon.
You were a venomous arachnid creature.
You visited 2 branches of the dungeon, and saw 6 of its levels.

You collected 242 gold pieces.

Inventory:

Missiles
 i - 25 poisoned darts (quivered)
Armour
 a - a +0 robe (melded)
 c - a +0 pair of gloves (melded)
 k - a +0 kite shield
 n - a +0 buckler
Jewellery
 g - a ring of wizardry (left front leg)
 p - an uncursed ring of magical power
 t - an uncursed amulet of reflection {unknown}
Wands
 s - a wand of digging (3)
Scrolls
 b - 4 scrolls of identify
 d - a scroll of teleportation
 e - a scroll of noise {unknown}
 f - a scroll of immolation {unknown}
 h - 3 scrolls of amnesia
 o - a scroll of enchant weapon {unknown}
 r - a scroll of fear {unknown}
 w - a scroll of remove curse {unknown}
 x - a scroll of enchant armour {unknown}
 y - a scroll of blinking {unknown}
 z - a scroll of magic mapping {unknown}
Potions
 j - a potion of degeneration {unknown}
 l - a potion of brilliance {unknown}
 m - a potion of lignification
 q - a potion of ambrosia {unknown}
 u - a potion of mutation {unknown}
 v - a potion of curing {unknown}


   Skills:
 - Level 1.0 Fighting
 - Level 1.5 Dodging
 * Level 7.7 Unarmed Combat
 - Level 2.0 Spellcasting
 + Level 5.2 Transmutations
 + Level 2.0 Ice Magic


You had 3 spell levels left.
You knew the following spells:

 Your Spells              Type           Power        Failure   Level
a - Beastly Appendage     Tmut           ###...       4%          1
b - Spider Form           Tmut/Pois      #.........   19%         3
c - Ice Form              Ice/Tmut       ##......     32%         4

Your spell library contained the following spells:

 Spells                   Type           Power        Failure   Level
 Wereblood                Tmut           ###.....     4%          2
 Blade Hands              Tmut           ###.......   43%         5


Dungeon Overview and Level Annotations

Branches:
Dungeon (5/15)             Temple (1/1) D:5

Altars:
Ashenzari
Elyvilon
Fedhas
Gozag
Hepliaklqana
Kikubaaqudgha
Nemelex Xobeh
Okawaru
Ru
Trog
Uskayaw
Vehumet
Wu Jian
Xom
Yredelemnul
The Shining One


Innate Abilities, Weirdness & Mutations

You cannot wear boots.
((Your serpentine skin is tough. (AC +2)))
You have supernaturally acute eyesight. (SInv)
((Armour fits poorly on your strangely shaped body.))
((Your system is resistant to poisons. (rPois)))
((You cover ground very slowly.))
You can spit poison.


Message History

You kill the orc wizard!
Your Ice Magic skill increases to level 2!
The orc wizard hits you but does no damage.
Press: ? - help, Shift-Dir - straight line, f - orc wizard
Aim: an orc wizard, wielding a +0 dagger and wearing a +0 robe (heavily wounded)
The splash of poison hits the orc wizard!
You kill the orc wizard!
You hit the orc but do no damage. The orc hits you but does no damage.
You closely miss the orc. The orc completely misses you.
You barely miss the orc. The orc barely misses you.
You barely miss the orc.
Casting: Spider Form (dangerous; 9% risk of failure)
Confirm with . or Enter, or press ? or * to list all spells.
You turn into a venomous arachnid creature.
Your +0 pair of gloves melds into your body.
Your +0 robe melds into your body.
You have got your breath back.
The orc hits you with a +0 mace.
The ogre hits you with a +0 giant club!!
You die...

....... #. .######
#.# #..#### ##
..... ... .. ....
.# ... ..##..#
...######oO...##
##.....#s#.....
########
##........).$....
.......>
#.........#..#.##
.....##.
#...............
#...S
#.........#####.#
###Oh . #.........#
. #.# ..
#........(######
...
..##..............$
#....
............######
....##


You could see an ogre and an orc.

Vanquished Creatures
  3 ogres
  A phantom (D:4)
  A scorpion (D:5)
  A howler monkey (D:4)
  5 orc wizards
  An orc priest (D:5)
  A centaur skeleton (D:3)
  Natasha (D:3)
  4 worker ants (D:4)
  7 adders
  An ufetubus (D:5)
  An ooze (D:2)
  2 adder zombies
  3 worms
  2 dart slugs
  4 leopard geckos
  5 orcs
  12 bats
  6 giant cockroaches
  6 goblins
  6 hobgoblins
  4 jackals
  3 quokkas
  3 ball pythons
  6 frilled lizards
  2 jackal zombies (D:3)
  8 kobolds
  2 leopard gecko zombies
  7 rats
108 creatures vanquished.

Vanquished Creatures (others)
  7 withered plants
7 creatures vanquished.

Grand Total: 115 creatures vanquished

Notes
Turn   | Place    | Note
-------+----------+-------------------------------------------
     0 | D:1      | Froggeryz the Naga Transmuter began the quest for the Orb.
     0 | D:1      | Reached XP level 1. HP: 18/18 MP: 3/3
   562 | D:1      | Reached XP level 2. HP: 25/25 MP: 5/5
  1625 | D:2      | Reached XP level 3. HP: 28/31 MP: 4/6
  1758 | D:2      | Found a shimmering altar of Xom.
  1946 | D:2      | Found a shimmering altar of Xom.
  2032 | D:2      | Reached skill level 4 in Unarmed Combat
  2139 | D:2      | Found an ancient bone altar of Kikubaaqudgha.
  2497 | D:3      | Reached XP level 4. HP: 30/38 MP: 5/7
  2611 | D:3      | Reached XP level 5. HP: 19/44 MP: 6/8
  2628 | D:2      | HP: 2/44 [goblin/+0 dagger (1)]
  2991 | D:3      | Reached skill level 5 in Unarmed Combat
  3185 | D:3      | Found an ornate altar of the Wu Jian Council.
  3895 | D:3      | Found an iron altar of Okawaru.
  4116 | D:3      | Found a bloodstained altar of Trog.
  4178 | D:3      | Noticed Natasha
  4186 | D:3      | Killed Natasha
  4186 | D:3      | Reached XP level 6. HP: 43/51 MP: 7/9
  4382 | D:4      | Learned a level 3 spell: Spider Form
  4507 | D:4      | Noticed a phantom
  4552 | D:4      | Killed a phantom
  4552 | D:4      | Reached skill level 6 in Unarmed Combat
  4638 | D:4      | Found a hazy altar of Hepliaklqana.
  5118 | D:4      | Reached XP level 7. HP: 30/57 MP: 10/10
  5710 | D:4      | Learned a level 4 spell: Ice Form
  5909 | D:5      | Entered Level 5 of the Dungeon
  5972 | D:5      | Reached skill level 7 in Unarmed Combat
  6104 | D:5      | Reached skill level 1 in Ice Magic
  6115 | D:5      | Reached skill level 5 in Transmutations
  6117 | D:5      | Found a staircase to the Ecumenical Temple.
  6126 | Temple   | Entered the Ecumenical Temple
  6412 | D:5      | Reached XP level 8. HP: 48/64 MP: 8/11
  6426 | D:5      | Slain by an ogre

Illustrated notes

Levels and vault maps discovered:
D:1:      dpeg_arrival_chambers_temple_mockup, layout_loops_ring,
          minmay_misc_feat_x
D:2:      layout_loops_ring, kiku_gazebo_garden_becter, xom_teletrap_fun,
          lemuel_tele_altar
D:3:      minmay_spotlight, layout_loops_ring, overflow_temple_1_default,
          overflow_temple_1_default, lemuel_crystal_altar, serial_undead,
          serial_undead_b, serial_undead_c, serial_undead_d, serial_undead_f,
          uniq_natasha
D:4:      layout_loops_ring, marbit_many_paths, minmay_pentangle
D:5:      layout_rooms, minmay_temple_entry_arrows
Temple:   jpeg_temple_alley_garden

Skill      XL: |  1  2  3  4  5  6  7  8 |
---------------+-------------------------+-----
Unarmed Combat | 4 5 6 7 |  7.7
Transmutations | 3 4 5 |  5.2
Ice Magic      | 1 2 |  2.0
Fighting       | |  1.0
Dodging        | |  1.5
Spellcasting   | |  2.0

Action                   |  1- 3 |  4- 6 |  7- 9 || total
-------------------------+-------+-------+-------++-------
Melee: Unarmed           |   114 |   178 |    83 ||   375
       Headbutt          |     6 |    10 |     2 ||    18
       Punch             |       |     5 |     3 ||     8
Throw: Dart              |     1 |     1 |       ||     2
 Cast: Beastly Appendage |     8 |    13 |     3 ||    24
       Spider Form       |       |     2 |     3 ||     5
 Abil: Spit Poison       |     7 |    16 |     8 ||    31
  Use: Potion            |       |     1 |       ||     1
       Scroll            |       |       |     2 ||     2
 Stab: Sleeping          |     2 |     1 |     1 ||     4
Armor: Robe              |    33 |    38 |    17 ||    88
       Skin              |       |     2 |       ||     2
Dodge: Dodged            |    75 |    91 |    53 ||   219

Table legend: (Time is in decaauts)
 A = Elapsed time spent in this place.
 B = Non-inter-level travel time spent in this place.
 C = Inter-level travel time spent in this place.
 D = Time resting spent in this place.
 E = Time spent auto-exploring this place.
 F = Levels seen in this place.
 G = Mean time per level.
                   A        B        C        D        E       F      G
               +--------+--------+--------+--------+--------+-----+--------+
         Total |   7547 |   7235 |    312 |   1254 |   5091 |   6 | 1257.8 |
       Dungeon |   7241 |   7002 |    239 |   1254 |   4860 |   5 | 1448.2 |
        Temple |    306 |    234 |     72 |      0 |    231 |   1 |  306.0 |
               +--------+--------+--------+--------+--------+-----+--------+

Top non-repeatable levels by time:
     D:1: 1847 daAuts
     D:4: 1805 daAuts
     D:3: 1787 daAuts
     D:2: 1485 daAuts
     D:5: 316 daAuts
  Temple: 306 daAuts
